Map: New Gettysburg LE

Players

TopRush

  • Race: Zerg Zerg
  • League: Grandmaster

NORTHAMERICA - Winner!

  • Race: Protoss Protoss
  • League: Master

VOD

Have the link to the VOD?

Description

Time

  • Played on: Oct. 28, 2016, 2:49 a.m.
  • Length: 13:50
Show
View Real Time Build Order
Export as new Build Order

TopRush Zerg 

Build Orders: Hatch First 

Get SALT Encoding   

  12  0:01  Drone  
  13  0:13  Overlord  
  13  0:19  Drone  
  14  0:31  Drone x2  
  16  0:35  Drone  
  17  0:54  Unknown, Hatchery  
  16  0:57  Drone  
  16  1:00  Drone  
  18  1:11  Extractor  
  18  1:17  Spawning Pool  
  16  1:20  Drone  
  16  1:24  Drone  
  18  1:30  Drone  
  19  1:42  Overlord  
  19  2:05  Unknown, Zergling x4  
  19  2:07  Queen x2  
  25  2:09  Drone  
  25  2:13  Drone  
  25  2:14  Metabolic Boost  
  27  2:18  Drone  
  28  2:25  Drone  
  29  2:30  Drone  
  29  2:35  Drone  
  31  2:39  Drone  
  32  2:46  Drone  
  33  2:52  Unknown, Hatchery  
  33  2:56  Pneumatized Carapace  
  32  2:58  Drone  
  32  3:01  Drone  
  32  3:05  Overlord  
  34  3:09  Drone  
  34  3:11  Drone  
  36  3:22  Overlord  
  36  3:24  Drone x3  
  36  3:25  Drone x2  
  41  3:29  Overlord  
  41  3:31  Drone  
  42  3:38  Drone  
  43  3:47  Drone x2  
  45  3:51  Drone x4  
  45  3:52  Evolution Chamber  
  45  3:53  Baneling Nest, Extractor  
  45  3:54  Drone x2  
  48  4:00  Zergling x2  
  49  4:03  Unknown  
  49  4:04  Zergling x2  
  49  4:05  Zergling x2  
  49  4:08  Queen  
  53  4:10  Zergling x2  
  53  4:15  Lair  
  54  4:21  Spore Crawler  
  54  4:23  Zergling x6  
  54  4:24  Zergling x2  
  57  4:29  Spore Crawler  
  56  4:33  Zergling x4  
  56  4:35  Overlord x2  
  58  4:41  Roach Warren  
  58  4:42  Zerg Melee Weapons Level 1  
  57  4:53  Spore Crawler  
  57  4:54  Drone x2  
  57  4:55  Drone x5  
  63  5:03  Drone  
  63  5:04  Drone  
  63  5:05  Drone x3  
  67  5:14  Overseer  
  67  5:23  Glial Reconstitution  
  67  5:25  Roach x3  
  67  5:27  Overlord x2  
  73  5:40  Unknown, Hatchery  
  67  5:45  Roach x2  
  67  5:46  Roach x5  
  67  5:48  Roach  
  75  5:53  Drone x4  
  75  5:54  Drone x4  
  83  5:57  Extractor  
  83  5:59  Extractor  
  81  6:06  Ravager  
  81  6:08  Drone  
  81  6:09  Drone x3  
  85  6:12  Extractor  
  85  6:13  Drone  
  85  6:14  Drone x3  
  85  6:15  Drone x2  
  90  6:19  Extractor  
  89  6:28  Overlord x3  
  87  6:34  Spire  
  87  6:39  Spine Crawler  
  85  6:44  Overseer, Unknown, Hatchery  
  85  6:45  Queen  
  86  6:47  Overlord  
  86  6:48  Drone x3  
  86  6:52  Queen, Unknown  
  86  6:53  Roach, Zerg Melee Weapons Level 2  
  91  7:03  Roach, Zergling x6  
  91  7:04  Zergling x16  
  91  7:05  Zergling x2  
  103  7:09  Centrifical Hooks  
  103  7:10  Ravager  
  103  7:21  Ravager  
  103  7:26  Drone  
  103  7:27  Drone x9  
  113  7:36  Drone x2  
  113  7:37  Drone  
  116  7:43  Drone x4  
  120  7:45  Overlord x2  
  120  7:46  Overlord x2  
  120  7:47  Extractor  
  120  7:48  Extractor  
  118  7:55  Unknown  
  117  8:03  Zergling x14  
  117  8:04  Zergling x6  
  127  8:06  Baneling x5  
  127  8:12  Roach x5, Zergling x2  
  140  8:13  Roach x3  
  140  8:19  Ravager x4  
  150  8:20  Ravager x6  
  150  8:24  Roach  
  150  8:25  Zergling x2  
  150  8:26  Overlord x5  
  140  8:41  Zergling x6  
  140  8:42  Roach x6, Zergling x2  
  140  8:43  Roach  
  140  8:46  Roach x4  
  140  8:47  Baneling  
  140  8:48  Baneling x8  
  166  8:54  Overseer x2  
  140  9:08  Roach x7  
  140  9:09  Roach x6  
  155  9:15  Zergling x16  
  156  9:18  Queen  
  156  9:24  Zergling x8  
  160  9:26  Ravager x4  
  166  9:41  Unknown, Zergling x4, Hatchery  
  166  9:42  Zergling x16  
  166  9:43  Infestation Pit  
  174  9:59  Zergling x12  
  182  10:00  Zergling x8  
  184  10:12  Baneling  
  184  10:13  Baneling x2  
  184  10:14  Baneling x17  
  145  10:27  Overseer x2  
  138  10:36  Roach x3  
  138  10:37  Roach x6, Zergling x4  
  138  10:38  Zergling x16  
  138  10:39  Overlord x3  
  138  10:41  Overseer  
  138  10:42  Zerg Ground Armor Level 1  
  158  10:44  Hive  
  158  10:47  Baneling x9  
  158  10:48  Zergling x6  
  159  10:53  Unknown  
  134  11:17  Roach  
  134  11:18  Roach x6, Zergling x14  
  127  11:19  Zergling x20  
  129  11:29  Roach x4  
  123  11:38  Roach x4  
  126  11:45  Roach x7  
  132  11:49  Roach x4  
  132  12:02  Zergling x12  
  132  12:03  Zergling x8  
  132  12:06  Greater Spire  
  122  12:13  Zergling x4  
  122  12:14  Zergling x18  
  122  12:15  Zergling x4  
  125  12:17  Overseer x2  
  125  12:21  Ravager  
  125  12:22  Ravager x7  
  133  12:28  Zergling x4  
  133  12:29  Zergling x8  
  129  12:42  Corruptor x4  
  137  12:56  Corruptor x2  
  141  13:05  Corruptor x2  
  145  13:13  Unknown, Hatchery  
  144  13:20  Corruptor x2  
  144  13:21  Brood Lord x3  
  144  13:22  Brood Lord  
  131  13:30  Zergling x16  
Show
View Real Time Build Order
Export as new Build Order

NORTHAMERICA Protoss - Winner!

Build Orders: 1 Gate Expand, Zealot Archon, Dark Templar Rush 

Get SALT Encoding   

  12  0:01  Probe (Chrono Boost)  
  13  0:12  Probe (Chrono Boost)  
  14  0:19  Pylon  
  14  0:24  Probe (Chrono Boost)  
  15  0:39  Probe (Chrono Boost), Gateway  
  16  0:49  Probe (Chrono Boost)  
  17  0:50  Assimilator  
  17  1:00  Probe (Chrono Boost)  
  18  1:10  Probe (Chrono Boost)  
  19  1:23  Nexus, Unknown  
  19  1:33  Cybernetics Core  
  19  1:37  Probe (Chrono Boost)  
  20  1:45  Assimilator  
  20  1:47  Probe (Chrono Boost)  
  21  1:57  Pylon  
  21  1:58  Probe (Chrono Boost)  
  22  2:09  Probe (Chrono Boost)  
  22  2:11  Warp Gate  
  22  2:15  Zealot  
  25  2:21  Probe (Chrono Boost)  
  26  2:30  Twilight Council  
  26  2:33  Pylon  
  26  2:34  Unknown  
  26  2:35  Probe (Chrono Boost)  
  27  2:39  Probe (Chrono Boost)  
  28  2:46  Stalker  
  28  2:50  Probe (Chrono Boost)  
  31  2:52  Probe (Chrono Boost)  
  32  3:00  Probe (Chrono Boost)  
  32  3:03  Probe (Chrono Boost)  
  34  3:11  Probe (Chrono Boost), Robotics Facility  
  35  3:14  Probe (Chrono Boost)  
  36  3:21  Probe (Chrono Boost)  
  36  3:25  Probe (Chrono Boost)  
  38  3:28  Dark Shrine  
  38  3:32  Probe (Chrono Boost)  
  39  3:38  Assimilator  
  39  3:39  Probe (Chrono Boost)  
  39  3:40  Assimilator  
  40  3:43  Probe (Chrono Boost)  
  41  3:51  Mothership Core (Chrono Boost)  
  41  3:55  Probe (Chrono Boost), Gateway  
  44  3:57  Gateway  
  44  4:02  Gateway  
  44  4:09  Warp Prism  
  44  4:14  Probe (Chrono Boost)  
  47  4:18  Probe (Chrono Boost)  
  47  4:20  Pylon  
  48  4:24  Probe (Chrono Boost)  
  48  4:29  Probe (Chrono Boost)  
  50  4:32  Pylon  
  50  4:37  Probe (Chrono Boost)  
  51  4:39  Probe (Chrono Boost)  
  51  4:43  Observer  
  53  4:52  Pylon  
  54  4:54  Probe (Chrono Boost)  
  54  4:58  Dark Templar  
  54  4:59  Dark Templar x2  
  60  5:00  Dark Templar  
  60  5:02  Probe (Chrono Boost)  
  60  5:06  Archon x2  
  63  5:10  Probe (Chrono Boost), Pylon  
  64  5:20  Probe (Chrono Boost)  
  65  5:24  Nexus, Unknown, Probe (Chrono Boost)  
  65  5:25  Observer  
  65  5:27  Pylon  
  65  5:28  Blink  
  67  5:33  Probe (Chrono Boost)  
  69  5:36  Probe (Chrono Boost)  
  69  5:52  Probe (Chrono Boost)  
  69  5:53  Probe (Chrono Boost)  
  71  5:57  Gateway  
  71  5:59  Gateway  
  71  6:00  Immortal  
  71  6:02  Forge  
  71  6:06  Probe (Chrono Boost), Sentry x2  
  71  6:08  Stalker  
  71  6:11  Probe (Chrono Boost)  
  83  6:18  Probe (Chrono Boost)  
  84  6:21  Probe (Chrono Boost)  
  85  6:27  Protoss Ground Weapons Level 1  
  85  6:30  Probe (Chrono Boost)  
  85  6:32  Probe (Chrono Boost), Robotics Bay  
  87  6:35  Unknown, Gateway, Zealot  
  89  6:42  Probe x2 (Chrono Boost), Immortal  
  96  6:47  Probe (Chrono Boost)  
  96  6:52  Sentry  
  96  6:53  Probe (Chrono Boost)  
  100  6:54  Probe (Chrono Boost)  
  100  6:58  Probe (Chrono Boost)  
  100  6:59  Unknown  
  101  7:08  Stalker x4  
  107  7:11  Assimilator  
  107  7:15  Unknown  
  109  7:16  Assimilator  
  109  7:21  Pylon  
  109  7:22  Pylon  
  109  7:24  Pylon  
  109  7:25  Pylon  
  109  7:29  Pylon  
  109  7:34  Disruptor, Pylon  
  109  7:40  Stargate x2  
  109  7:42  Dark Templar x2  
  109  7:43  Pylon  
  116  7:50  Archon  
  116  7:52  Stalker x2  
  116  7:56  Photon Cannon  
  120  7:58  Photon Cannon  
  120  8:00  Stalker x2  
  120  8:02  Stalker  
  126  8:15  Photon Cannon  
  126  8:17  Disruptor  
  129  8:32  Adept  
  129  8:33  Adept x4  
  133  8:44  Fleet Beacon  
  133  8:48  Disruptor  
  133  8:49  Nexus, Unknown  
  133  8:52  Pylon x2  
  124  9:07  Stalker x3  
  124  9:09  Protoss Ground Weapons Level 2  
  107  9:19  Anion Pulse-Crystals  
  107  9:20  Probe (Chrono Boost), Disruptor  
  107  9:22  Phoenix x2  
  107  9:23  Photon Cannon  
  112  9:24  Photon Cannon  
  112  9:26  Assimilator  
  112  9:30  Assimilator  
  115  9:41  Probe (Chrono Boost)  
  115  9:42  Dark Templar x2  
  115  9:43  Adept x5  
  130  9:49  Archon  
  130  9:50  Probe (Chrono Boost)  
  130  9:52  Probe (Chrono Boost)  
  132  9:55  Disruptor  
  132  9:56  Probe (Chrono Boost)  
  136  10:01  Unknown  
  136  10:04  Stalker  
  136  10:05  Stalker x3  
  144  10:24  Stalker x2  
  144  10:26  Disruptor  
  144  10:28  Stalker x3  
  152  10:40  Probe (Chrono Boost)  
  153  10:45  Stalker x2  
  157  10:51  Stalker x3  
  157  10:52  Stalker x2  
  157  10:54  Probe (Chrono Boost)  
  168  10:57  Disruptor  
  124  11:28  Disruptor  
  124  11:32  Stalker x3  
  126  11:33  Stalker x4  
  127  11:59  Disruptor  
  123  12:02  Stalker  
  123  12:03  Stalker x6  
  123  12:07  Probe (Chrono Boost)  
  135  12:17  Gateway  
  135  12:20  Gateway  
  135  12:25  Gateway x2  
  135  12:29  Stalker  
  137  12:30  Stalker x6, Disruptor  
  137  12:32  Gateway  
  137  12:34  Gateway  
  150  12:37  Probe (Chrono Boost)  
  150  12:40  Probe (Chrono Boost)  
  152  12:45  Pylon  
  148  12:53  Stalker x2  
  148  12:54  Stalker x5  
  162  13:30  Dark Templar x4  
  162  13:33  Probe (Chrono Boost)  
Tags
 
Add a new tag
Caveats
  • Supply blocks, unpowered buildings, or Contaminate may cause inaccurate times.
  • Supply counts are checked every 10 seconds.